AoeStats
← BOT Betin

Arabia

509893487Analyzed
3v3 RM · 5d ago on Sep 28, 2026· 38m 42s· 6 players
Game mode
Random Map
Map size
Normal (6 player)
Population
200
Speed
Normal
Resources
Standard
Victory
Conquest
Starting age
Dark Age
Ending age
Imperial Age
RankedLock teamsTeams togetherTeam positionsShared explorationLock speedFull tech treeHidden civsTurbo modeCheats
Victory
Defeat
🇹🇼 Poles · Taiwan
933
+14
🇹🇼 Mongols · Taiwan
932
+14
🇹🇼 Varangians · Taiwan
796
+39
🇵🇪 Goths · Peru
906
-48
🇸🇲 Romans · San Marino
884
-16
🇧🇪 Danes · Belgium
858
-15
lcm6666blue
9:43 Feudal Age
9:29 Loom
14:08 Horse Collar
19:19 Wheelbarrow
21:10 Gold Mining
21:29 Fletching
21:51 Forging
21:47 Scale Barding Armor
26:18 Castle Age
27:45 Hand Cart
27:23 Double-Bit Axe
31:32 Iron Casting
30:24 Light Cavalry
31:46 Bloodlines
31:36 Husbandry
34:12 Bow Saw
37:51 Chain Barding Armor
貝幸親
10:35 Feudal Age
18:10 Castle Age
16:10 Double-Bit Axe
17:17 Horse Collar
18:32 Scale Mail Armor
18:51 Gambesons
18:30 Man-at-Arms
23:05 Squires
22:54 Arson
23:41 Arson
24:14 Heavy Plow
25:00 Bow Saw
24:54 Gambesons
28:02 Forging
28:07 Chain Mail Armor
28:47 Gold Mining
28:51 Stone Mining
30:04 Iron Casting
32:10 Wheelbarrow
35:38 Imperial Age
33:44 Heavy Plow
33:55 Loom
34:28 Scale Barding Armor
36:30 Hand Cart
37:19 Elite Jarl
呆丸郎
10:57 Feudal Age
9:12 Loom
15:59 Castle Age
15:21 Double-Bit Axe
16:14 Wheelbarrow
19:03 Fletching
24:55 Bow Saw
25:23 Bodkin Arrow
27:36 Gold Mining
27:43 Stone Mining
29:04 Padded Archer Armor
33:50 Gold Shaft Mining
33:53 Stone Shaft Mining
33:36 Hand Cart
34:12 Horse Collar
37:09 Imperial Age
35:12 Town Watch
36:20 Heavy Plow
37:30 Town Patrol
37:39 Town Patrol
37:59 Bracer
39:28 Conscription
AxBy94
10:34 Feudal Age
10:25 Loom
11:07 Horse Collar
21:00 Castle Age
WinterVison
8:18 Loom
10:26 Feudal Age
16:16 Castle Age
14:23 Horse Collar
14:34 Double-Bit Axe
20:07 Squires
21:34 Gambesons
BOT Betin
34:14 Feudal Age
32:33 Loom
Connection lost

Rejoining the realm…

Still unreachable

The connection could not be restored.

Session expired

The server has moved on; the page needs a fresh start.